Map: Frozen Temple

Players

MonstR

  • Race: Terran Terran
  • League: Master

Miszu - Winner!

  • Race: Terran Terran
  • League: Grandmaster

VOD

Have the link to the VOD?

Description

Time

  • Played on: May 17, 2016, 8:29 a.m.
  • Length: 4:58
Show
View Real Time Build Order
Export as new Build Order

MonstR Terran 

Build Orders:  

Get SALT Encoding   

  12  0:00  SCV  
  13  0:13  SCV  
  14  0:21  Supply Depot  
  14  0:25  SCV  
  16  0:42  SCV  
  16  0:43  Barracks  
  16  0:47  Refinery  
  16  0:57  SCV  
  17  1:05  Barracks  
  18  1:11  SCV  
  18  1:23  SCV  
  19  1:31  Reaper  
  19  1:32  Barracks  
  20  1:37  Refinery  
  20  1:43  Supply Depot  
  20  1:52  Reaper  
  21  2:05  Reaper  
  21  2:08  Orbital Command  
  22  2:19  Reaper  
  23  2:24  Reaper  
  24  2:34  SCV  
  25  2:37  Reaper  
  22  2:51  Reaper  
  23  3:00  Reaper  
  24  3:13  Reaper  
  24  3:23  Reaper  
  24  3:32  Reaper  
  25  3:36  SCV  
  26  3:45  Reaper  
  24  3:56  Reaper  
  21  4:04  Reaper  
  21  4:11  SCV  
  21  4:16  Command Center  
  22  4:17  Reaper  
  22  4:23  SCV  
  24  4:25  Supply Depot  
  25  4:35  SCV  
Show
View Real Time Build Order
Export as new Build Order

Miszu Terran - Winner!

Build Orders: 1/1/1, Liberator Opening 

Get SALT Encoding   

  12  0:00  SCV  
  13  0:12  SCV  
  14  0:18  Supply Depot  
  14  0:24  SCV  
  14  0:28  Refinery  
  15  0:40  SCV  
  16  0:46  Barracks  
  16  0:52  SCV  
  16  0:56  Refinery  
  17  1:04  SCV  
  18  1:16  SCV  
  19  1:29  SCV  
  20  1:34  Reaper  
  20  1:35  Factory  
  21  1:41  Orbital Command  
  21  1:53  Supply Depot  
  21  2:06  Reaper  
  21  2:07  SCV  
  23  2:19  Starport  
  23  2:20  Hellion  
  23  2:22  SCV  
  26  2:28  Supply Depot  
  26  2:34  SCV  
  27  2:39  Reaper  
  27  2:42  Hellion  
  28  3:04  Hellion  
  29  3:11  Reaper  
  29  3:14  SCV  
  29  3:35  Hellion  
  29  3:36  SCV  
  30  3:43  Reaper  
  30  3:48  Liberator  
  28  4:06  Hellion, SCV  
  34  4:15  Reaper  
  35  4:18  SCV  
  36  4:27  Hellion  
  36  4:31  SCV  
  39  4:46  Supply Depot, Command Center  
Tags
 
Add a new tag
Caveats
  • Supply blocks, unpowered buildings, or Contaminate may cause inaccurate times.
  • Supply counts are checked every 10 seconds.